[Event "Team 45 45 League T29"]
[Site "Free Internet Chess Server"]
[Date "2006.01.15"]
[Round "4"]
[White "DavetheBravest"]
[Black "xboard"]
[Result "0-1"]
[WhiteElo "1634"]
[BlackElo "1692"]
[TimeControl "2700+45"]

1. e3 Nf6 2. f4 d5 3. Nf3 Bg4 4. h3 Bxf3 5. Qxf3 e6 6. Nc3 a6 7. g4 h6 8. h4 Bb4 9. g5 Bxc3 10. bxc3 Ne4 11. Bd3 Nc5 12. Be2 Qd6 13. Rb1 Qc6 14. f5 Nbd7 15. Rg1 hxg5 16. hxg5 exf5 17. Qxf5 g6 18. Qf1 Ne4 19. Bb2 Qa4 20. c4 Qxc2 21. Rd1 Qxb2 22. cxd5 Qxa2 23. Bf3 Ndc5 24. Bxe4 Nxe4 25. Qd3 Nd6 26. Qc3 O-O-O 27. Rc1 Nb5 28. Qe5 Qxd5   {White resigns} 0-1

[Event "Team 45 45 League T29"]
[Site "Free Internet Chess Server"]
[Date "2006.01.12"]
[Round "4"]
[White "Armunn"]
[Black "pedrotlima"]
[Result "1-0"]
[WhiteElo "1534"]
[BlackElo "1550"]
[TimeControl "2700+45"]

1. c4 e5 2. Nc3 Nf6 3. b3 Bb4 4. Bb2 O-O 5. g3 c6 6. Bg2 d5 7. e3 d4 8. Ne4 Nxe4 9. Bxe4 f5 10. Bg2 dxe3 11. fxe3 f4 12. a3 Bg4 13. Nf3 fxg3 14. axb4 e4 15. hxg3 exf3 16. Qc2 Bf5 17. Qc3 Qg5 18. Bxf3 Qxg3+ 19. Ke2 Bd3+ 20. Kxd3 Rxf3 21. Rag1 Qd6+ 22. Kc2 Kf8 23. Qxg7+ Ke8 24. Qxb7 Qd7 25. Qxa8 Qc7   {Black resigns} 1-0

[Event "Team 45 45 League T29"]
[Site "Free Internet Chess Server"]
[Date "2006.01.18"]
[Round "4"]
[White "dianabutterfly"]
[Black "Eshin"]
[Result "1/2-1/2"]
[WhiteElo "1435"]
[BlackElo "1488"]
[TimeControl "2700+45"]

1. e4 c5 2. Bc4 Nc6 3. Nc3 e6 4. Nf3 Na5 5. Be2 g6 6. O-O Bg7 7. d4 cxd4 8. Nxd4 Nc6 9. Ndb5 d5 10. exd5 exd5 11. Qxd5 Be6 12. Qxd8+ Rxd8 13. Nc7+ Kf8 14. Bg5 f6 15. Nxe6+ Ke7 16. Nxd8 Kxd8 17. Bg4 fxg5 18. Rad1+ Kc7 19. Rd7+ Kb6 20. Rxg7 Nf6 21. Rd1 Nxg4 22. Rdd7 Rb8 23. a4 h6 24. Nd5+ Kc5 25. h3 Nge5 26. b4+ Nxb4 27. Rxb7 Rxb7 28. Rxb7 Nxd5 29. Rxa7 Nb4 30. Rc7+ Nbc6 31. Kf1 h5 32. Ke2 Kb4 33. Kd2 Kxa4 34. Kc3 Kb5 35. Rg7 Kc5   {Game drawn by mutual agreement} 1/2-1/2

[Event "Team 45 45 League T29"]
[Site "Free Internet Chess Server"]
[Date "2006.01.14"]
[Round "4"]
[White "Ivanuk"]
[Black "Chessface"]
[Result "1-0"]
[WhiteElo "1608"]
[BlackElo "1695"]
[TimeControl "2700+45"]

1. e4 c5 2. Nf3 Nc6 3. d4 cxd4 4. Nxd4 Nf6 5. Nc3 e5 6. Nxc6 bxc6 7. Bc4 Bb4 8. Bd2 O-O 9. O-O Re8 10. Qf3 Be7 11. a3 a5 12. Qg3 Bf8 13. Bg5 g6 14. f4 d6 15. fxe5 Qb6+ 16. Kh1 Nh5 17. Bxf7+ Kh8 18. Qf3 Rxe5 19. Bf6+ Nxf6 20. Qxf6+ Bg7 21. Qxd6 Ba6 22. Rf6 Qd8 23. Qxd8+ Rxd8 24. Rxc6 Bb7 25. Rc4 Re7 26. Bd5 Bxc3 27. Rxc3 Bxd5 28. exd5 Rxd5 29. g3 Re2 30. Rd3 Rf5 31. g4 Rff2 32. Rh3 Rxc2 33. b4 a4 34. Rb1 Rb2 35. Rxb2 Rxb2 36. Rf3 Rb3 37. Kg2 Kg7 38. h4 Rb2+ 39. Kg3 h6 40. Re3 Kf6 41. Kf4 Rb3 42. Ke4 g5 43. Rf3+ Rxf3 44. Kxf3 gxh4 45. Kg2 Ke6 46. Kh3 Kd5 47. b5 Kc5 48. b6 Kxb6 49. Kxh4 Kc5 50. Kh5 Kc4 51. Kxh6 Kb3 52. g5 Kxa3 53. g6 Kb3 54. g7 a3 55. g8=Q+ Kb2 56. Qg2+ Kb3 57. Qf3+ Kb2 58. Qe2+ Kb3 59. Qd1+ Kb2 60. Qd2+ Kb3 61. Qc1 a2 62. Kg5 Kb4 63. Kf4 Kb3 64. Ke4 Kb4 65. Kd3 Kb3 66. Qa1 Ka3 67. Kc4 Ka4 68. Qxa2#   {Black checkmated} 1-0

[Event "Team 45 45 League T29"]
[Site "Free Internet Chess Server"]
[Date "2006.01.12"]
[Round "4"]
[White "wekabird"]
[Black "Fromper"]
[Result "0-1"]
[WhiteElo "1394"]
[BlackElo "1568"]
[TimeControl "2700+45"]

1. c4 e5 2. a3 Nf6 3. Nc3 c6 4. e4 d5 5. cxd5 cxd5 6. exd5 Nxd5 7. Nf3 Nc6 8. Bb5 f6 9. O-O Be6 10. h3 Bc5 11. Ne4 Bb6 12. Qa4 Qd7 13. Qc2 Bxh3 14. Bxc6 bxc6 15. Nh2 Bf5 16. Nd6+ Qxd6 17. Qxf5 O-O 18. b4 Ne7 19. Qf3 a5 20. bxa5 Bxa5 21. Qb3+ Kh8 22. d3 Qd5 23. Qc2 Ng6 24. Be3 Nh4 25. f3 Rab8 26. Bf2 Bb6 27. Bxb6 Rxb6 28. Rfe1 Nf5 29. Re4 Rfb8 30. Nf1 Rb2 31. Qc4 Qxc4 32. Rxc4 Nd4 33. Ne3 Re2 34. Ng4 h5 35. Nf2 Rbb2 36. Rf1 Nf5 37. Rb4 Rxb4 38. axb4 Rb2 39. Rc1 Nd4 40. Rc4 Kg8 41. g3 Nxf3+ 42. Kg2 Nd4 43. Kf1 Rc2 44. Ne4 Kf7 45. Nd6+ Ke6 46. Ne4 Kd5 47. Ke1 Rxc4 48. dxc4+ Kxe4 49. Kd2 Nf5 50. b5 cxb5 51. cxb5 Kd5 52. b6 Kc6   {White resigns} 0-1

[Event "Team 45 45 League T29"]
[Site "Free Internet Chess Server"]
[Date "2006.01.13"]
[Round "4"]
[White "Superselector"]
[Black "vandy"]
[Result "1-0"]
[WhiteElo "2034"]
[BlackElo "1887"]
[TimeControl "2700+45"]

1. e4 e5 2. Nf3 Nc6 3. Bb5 a6 4. Ba4 Nf6 5. O-O b5 6. Bb3 Bc5 7. Re1 d6 8. h3 O-O 9. c3 Be6 10. Bxe6 fxe6 11. d3 Qe8 12. Be3 Bb6 13. Bxb6 cxb6 14. Nbd2 d5 15. exd5 exd5 16. Qb3 Rd8 17. a4 Na5 18. Qa2 Kh8 19. Rxe5 Qg6 20. axb5 Qxd3 21. bxa6 Ne4 22. Nxe4 dxe4 23. Ng5 Rd7 24. Nf7+ Kg8 25. Nh6+ Kh8 26. Rf5 Rxf5 27. Qg8#   {Black checkmated} 1-0

[Event "Team 45 45 League T29"]
[Site "Free Internet Chess Server"]
[Date "2006.01.15"]
[Round "4"]
[White "JoveUranium"]
[Black "bahus"]
[Result "1-0"]
[WhiteElo "1908"]
[BlackElo "1775"]
[TimeControl "2700+45"]

1. f4 e5 2. fxe5 d6 3. exd6 Bxd6 4. Nf3 Bg4 5. e3 Nc6 6. Nc3 Ne5 7. Qe2 Nh6 8. d4 Nxf3+ 9. gxf3 Bf5 10. e4 Bg6 11. Bxh6 Qh4+ 12. Kd1 Qxh6 13. e5 O-O-O 14. exd6 Rxd6 15. Nb5 Re6 16. Qd2 Qh5 17. Be2 Rhe8 18. Nc3 Rxe2 19. Nxe2 Qxf3 20. Re1 Bh5 21. a4 Rxe2 22. Rxe2 Qf1+ 23. Qe1 Bxe2+ 24. Kd2 Qxe1+ 25. Kxe1 Bf3 26. Kd2 f5 27. h4 Kd7 28. Ke3 Be4 29. Rg1 g6 30. c4 Ke7 31. d5 Kf6 32. Kd4 h6 33. b4 g5 34. hxg5+ hxg5 35. c5 g4 36. b5 Ke7 37. Ke5 b6 38. d6+ cxd6+ 39. cxd6+ Kd7 40. Rc1 g3 41. Rc7+ Kd8 42. Rg7 g2 43. Ke6   {Black resigns} 1-0

[Event "Team 45 45 League T29"]
[Site "Free Internet Chess Server"]
[Date "2006.01.14"]
[Round "4"]
[White "LLIAMAH"]
[Black "Cadger"]
[Result "1-0"]
[WhiteElo "1722"]
[BlackElo "1768"]
[TimeControl "2700+45"]

1. c4 Nf6 2. Nf3 g6 3. b3 Bg7 4. Bb2 c6 5. e3 O-O 6. Nc3 d6 7. Bd3 e5 8. O-O Ne8 9. Qc2 f5 10. e4 Na6 11. a3 Nc5 12. Be2 Ne6 13. d3 g5 14. exf5 Rxf5 15. Ne4 h6 16. Ng3 Rf8 17. Nh5 Nf4 18. Nxf4 gxf4 19. d4 e4 20. Qxe4 d5 21. Qc2 Bg4 22. Ne5 Bxe2 23. Qxe2 Nd6 24. Qg4 Qf6 25. cxd5 cxd5 26. Rac1 Qf5 27. Qf3 Ne4 28. Qd3 Ng5 29. Qb5 Rad8 30. f3 Ne6 31. Rfe1 Rc8 32. Qxd5 Rcd8 33. Qc4 Rc8 34. Qb4 Rxc1 35. Rxc1 Rd8 36. Qxb7 Nxd4 37. Bxd4 Bxe5 38. Bxe5 Qxe5 39. Qxa7 Qe2 40. Qf2 Rd1+ 41. Rxd1 Qxd1+ 42. Qf1 Qd4+ 43. Kh1 Qb2 44. a4 Qxb3 45. a5 Kg7 46. a6 Qa2 47. g3 fxg3 48. hxg3 Kf6 49. Qd3 Kg5 50. Qe3+ Kf6 51. a7   {Black resigns} 1-0

[Event "Team 45 45 League T29"]
[Site "Free Internet Chess Server"]
[Date "2006.01.15"]
[Round "4"]
[White "pollock"]
[Black "CelticDeath"]
[Result "1-0"]
[WhiteElo "1740"]
[BlackElo "1804"]
[TimeControl "2700+45"]

1. e4 d5 2. exd5 Nf6 3. Bb5+ Bd7 4. Bc4 b5 5. Bb3 a5 6. a3 c6 7. Nc3 cxd5 8. Nxd5 Nxd5 9. Bxd5 Bc6 10. Bxc6+ Nxc6 11. Nf3 e5 12. Qe2 Qd5 13. a4 b4 14. c4 bxc3 15. dxc3 Bc5 16. O-O O-O 17. Rd1 Qb3 18. Bg5 f6 19. Qb5 Qxb5 20. axb5 Na7 21. Rd5 Bb6 22. Be3 Rfd8 23. Rxd8+ Bxd8 24. c4 Be7 25. Rxa5 Rd8 26. Kf1 Nc8 27. c5 e4 28. Nd2 Bxc5 29. Bxc5 Rxd2 30. Ra8 Rd8 31. b6   {Black resigns} 1-0

[Event "Team 45 45 League T29"]
[Site "Free Internet Chess Server"]
[Date "2006.01.13"]
[Round "4"]
[White "BigMarauder"]
[Black "trener"]
[Result "0-1"]
[WhiteElo "1798"]
[BlackElo "1834"]
[TimeControl "2700+45"]

1. e4 d6 2. d4 Nf6 3. Nc3 g6 4. f4 Bg7 5. Nf3 O-O 6. Bd3 c5 7. dxc5 dxc5 8. Be3 Qa5 9. h3 c4 10. e5 Nd5 11. Bxg6 Nxe3 12. Qd2 hxg6 13. Qxe3 Rd8 14. h4 Nc6 15. h5 Nb4 16. Rc1 Nxa2 17. h6 Nxc3 18. bxc3 Bh8 19. Ng5 f6 20. exf6 Bxf6 21. h7+ Kg7 22. Ke2 Bg4+ 23. Kf1 Qxc3 24. Ne6+ Bxe6 25. Qxe6 Qd2   {White resigns} 0-1

[Event "Team 45 45 League T29"]
[Site "Free Internet Chess Server"]
[Date "2006.01.15"]
[Round "4"]
[White "Mekk"]
[Black "xboard"]
[Result "0-1"]
[WhiteElo "1801"]
[BlackElo "1705"]
[TimeControl "2700+45"]

1. e4 c5 2. Nf3 d6 3. d4 cxd4 4. Nxd4 Nf6 5. Nc3 a6 6. Be3 Nc6 7. f3 Qb6 8. Nd5 Nxd5 9. exd5 Qa5+ 10. Qd2 Qxd5 11. Qc3 Bd7 12. Nb3 Rc8 13. Bc4 Qe5 14. O-O Qxc3 15. bxc3 Ne5 16. Bd5 Bc6 17. Bxc6+ Rxc6 18. Bd4 Nc4 19. f4 e5 20. fxe5 dxe5 21. Rae1 f6 22. Rf3 Be7 23. Bf2 O-O 24. Rd3 Bd6 25. Nd2 Nxd2 26. Rxd2 Bc5 27. Bxc5 Rxc5 28. Rb1 b5 29. Rd6 a5 30. Rb6 Rxc3 31. R6xb5 a4 32. R5b4 Ra8 33. Rc1 a3 34. Rb3 Rac8 35. Kf2 Rxc2+   {White resigns} 0-1

[Event "Team 45 45 League T29"]
[Site "Free Internet Chess Server"]
[Date "2006.01.16"]
[Round "4"]
[White "szachmatt"]
[Black "MattBinMi"]
[Result "1-0"]
[WhiteElo "1629"]
[BlackElo "1682"]
[TimeControl "2700+45"]

1. e4 d6 2. d4 Nf6 3. Nc3 g6 4. Be3 Bg7 5. h3 O-O 6. Bc4 e5 7. dxe5 dxe5 8. Qxd8 Rxd8 9. Nf3 Nbd7 10. Ng5 Rf8 11. O-O-O h6 12. Nf3 c6 13. Bd3 a5 14. g4 g5 15. Na4 b5 16. Nc5 a4 17. Nxd7 Nxd7 18. a3 Ba6 19. Bxb5 Bxb5 20. Rxd7 c5 21. Rd6 Rfc8 22. h4 Bc6 23. Nd2 f6 24. hxg5 fxg5 25. f3 Kf7 26. Nc4 Bf8 27. Nxe5+ Ke7 28. Rxc6 Rxc6 29. Nxc6+ Kd6 30. Nd4 cxd4 31. Bxd4 Rc8 32. Bc3 Ke6 33. Kd2 Rd8+ 34. Ke2 Rd7 35. b4 axb3 36. cxb3 Bxa3 37. Rxh6+ Kf7 38. Rh7+ Ke8 39. Rxd7 Kxd7 40. b4 Ke6 41. Kd2 Kd6 42. Kc2 Bxb4 43. Bxb4+ Ke5 44. Kd3 Kf4 45. Ke2 Ke5 46. Bd2   {Black resigns} 1-0

[Event "Team 45 45 League T29"]
[Site "Free Internet Chess Server"]
[Date "2006.01.14"]
[Round "4"]
[White "AlefZero"]
[Black "tomito"]
[Result "1-0"]
[WhiteElo "2231"]
[BlackElo "1886"]
[TimeControl "2700+45"]

1. e4 e5 2. Nc3 Bb4 3. Nge2 Nc6 4. g3 Nf6 5. Bg2 d6 6. O-O h5 7. d3 Nh7 8. Nd5 Bc5 9. c3 Ne7 10. d4 exd4 11. cxd4 Bb6 12. Nec3 Nxd5 13. Nxd5 h4 14. Nxb6 axb6 15. e5 d5 16. Qh5 Be6 17. f4 g6 18. Qh6 hxg3 19. hxg3 Kd7 20. f5 gxf5 21. Bf4 Qe7 22. a3 Rag8 23. Kf2 Rg6 24. Qh5 c5 25. Qe2 c4 26. Rh1 Rgg8 27. Qd2 f6 28. Rh6 Rf8 29. Rah1 Qg7 30. Qb4   {Black resigns} 1-0

[Event "Team 45 45 League T29"]
[Site "Free Internet Chess Server"]
[Date "2006.01.15"]
[Round "4"]
[White "nimzovit"]
[Black "Zupa"]
[Result "1/2-1/2"]
[WhiteElo "1902"]
[BlackElo "2087"]
[TimeControl "2700+45"]

1. e4 c5 2. Nf3 Nc6 3. d4 cxd4 4. Nxd4 Nf6 5. Nc3 e5 6. Ndb5 d6 7. Bg5 a6 8. Na3 b5 9. Nd5 Be7 10. Bxf6 Bxf6 11. c3 O-O 12. Be2 Bg5 13. O-O g6 14. Nc2 Be6 15. Nce3 f5 16. exf5 gxf5 17. f4 Bh6 18. Bd3 Ne7 19. Nxe7+ Qxe7 20. Qh5 Qf6 21. Nxf5 Bxf5 22. Bxf5 exf4 23. Rxf4 Kh8 24. Rf3   {Game drawn by mutual agreement} 1/2-1/2

[Event "Team 45 45 League T29"]
[Site "Free Internet Chess Server"]
[Date "2006.01.16"]
[Round "4"]
[White "trener"]
[Black "danijelo"]
[Result "1-0"]
[WhiteElo "1854"]
[BlackElo "1814"]
[TimeControl "2700+45"]

1. e4 c5 2. Nf3 d6 3. d4 cxd4 4. Nxd4 Nf6 5. Nc3 a6 6. Be2 e6 7. O-O Be7 8. f4 Nbd7 9. Be3 Qc7 10. Bf3 O-O 11. Kh1 Rb8 12. a4 b6 13. Qd2 Bb7 14. g4 Nc5 15. Qg2 Rfd8 16. g5 Ne8 17. h4 Bf8 18. Rad1 Qd7 19. b3 Qc7 20. Nde2 Bc6 21. Ng3 b5 22. axb5 axb5 23. h5 b4 24. Nce2 Qb7 25. f5 exf5 26. exf5 d5 27. Nd4 Nc7 28. Bf4 Bd6 29. Nxc6 Qxc6 30. Bxd5 Nxd5 31. Qxd5 Qxd5+ 32. Rxd5 Bxf4 33. Rxd8+ Rxd8 34. Rxf4 Rb8 35. Kg2 Kf8 36. Kf3 Ke7 37. Rc4 Kd6 38. Ne4+ Nxe4 39. Kxe4 Rb5 40. Rd4+ Kc6 41. Rd8 g6 42. fxg6 fxg6 43. hxg6 hxg6 44. Kf4 Kc7 45. Rd4 Kc6 46. Kg4 Kc7 47. Rf4 Rb6 48. Rf6 Rd6 49. Rxd6 Kxd6 50. Kf4 Kd5 51. Ke3 Ke5 52. c4 bxc3 53. Kd3 Kf5 54. b4   {Black resigns} 1-0

[Event "Team 45 45 League T29"]
[Site "Free Internet Chess Server"]
[Date "2006.01.13"]
[Round "4"]
[White "MGoo"]
[Black "Mekk"]
[Result "0-1"]
[WhiteElo "1845"]
[BlackElo "1791"]
[TimeControl "2700+45"]

1. d4 Nf6 2. c4 g6 3. Nc3 d5 4. cxd5 Nxd5 5. Qb3 Nb6 6. Nf3 Bg7 7. Bf4 c6 8. Rc1 O-O 9. e3 Be6 10. Qc2 f6 11. Bd3 Bf7 12. O-O Nd5 13. Nxd5 Qxd5 14. Bc4 Qxc4 15. Qxc4 Bxc4 16. Rxc4 Nd7 17. Rd1 e5 18. dxe5 Nxe5 19. Nxe5 fxe5 20. Bg5 Rf7 21. e4 Bf8 22. Rc2 Be7 23. Be3 Rd8 24. Rxd8+ Bxd8 25. Bxa7 b6 26. Bb8 Bc7 27. Bxc7 Rxc7 28. Kf1 Kf7 29. Ke2 Ke6 30. Rd2 Ra7 31. b3 b5 32. Ke3 g5 33. Kd3 Rd7+ 34. Kc3 b4+ 35. Kc2 Rd4 36. f3 h5 37. Rd3 Kd6 38. Kd2 c5 39. g3 h4 40. Ke3 Ke6 41. gxh4 gxh4 42. Rd2 h3 43. Rc2 Kd6 44. Rc1 Kc6 45. Rg1 Rd7 46. Rg6+ Kb5 47. Re6 Ra7 48. Rxe5 Rxa2 49. Rh5 Rxh2 50. e5 Kc6 51. Kf4 Rb2 52. Rxh3 Rxb3 53. Rh6+ Kd7 54. Ke4 c4 55. f4 c3 56. Kd5 c2 57. Rh7+ Ke8 58. Ke6 Kf8 59. Rc7 Rc3 60. Ra7 c1=Q 61. Kf6 Qxf4+   {White forfeits on time} 0-1

[Event "Team 45 45 League T29"]
[Site "Free Internet Chess Server"]
[Date "2006.01.13"]
[Round "4"]
[White "nitedozer"]
[Black "trajanus"]
[Result "1/2-1/2"]
[WhiteElo "1898"]
[BlackElo "2040"]
[TimeControl "2700+45"]

1. f4 c5 2. Nf3 Nc6 3. e3 d5 4. Bb5 Qb6 5. Bxc6+ Qxc6 6. O-O Nf6 7. b3 g6 8. Bb2 Bg7 9. d3 O-O 10. Nbd2 b6 11. Qe1 Bb7 12. Qh4 h6 13. Ne5 Qe6 14. Rae1 Rad8 15. g4 Nd7 16. f5 gxf5 17. gxf5 Qf6 18. Qxf6 Nxf6 19. Ndf3 Kh7 20. h3 Ne8 21. d4 Nd6 22. dxc5 bxc5 23. Nd2 Rg8 24. Kh2 Bf6 25. Nd3 Bxb2 26. Nxb2 c4 27. Na4 Rc8 28. b4 c3 29. Nf3 d4 30. exd4 Nxf5 31. Nc5 Bd5 32. Rf2 Rg7 33. a4 Rcg8 34. b5 Bxf3 35. Rxf3 Rg2+ 36. Kh1 e6 37. Ne4 R8g6 38. d5 Rxc2 39. dxe6 fxe6 40. Rxc3 Rxc3 41. Nxc3 Rg3 42. Ne4 Rxh3+ 43. Kg2 Ra3 44. Nc5 Nd4 45. Re4 Ra2+ 46. Kh3 Ne2 47. Re3 Nd4 48. Re4 Ne2 49. Re3 Nd4   {Game drawn by mutual agreement} 1/2-1/2

[Event "Team 45 45 League T29"]
[Site "Free Internet Chess Server"]
[Date "2006.01.14"]
[Round "4"]
[White "gfsg"]
[Black "wester"]
[Result "0-1"]
[WhiteElo "1952"]
[BlackElo "1977"]
[TimeControl "2700+45"]

1. e4 c5 2. Nf3 Nc6 3. d4 cxd4 4. c3 dxc3 5. Nxc3 e6 6. Bc4 Qc7 7. Qe2 Nf6 8. O-O Ng4 9. g3 Bc5 10. a3 Nge5 11. Nxe5 Nxe5 12. Ba2 O-O 13. Bf4 d6 14. Rac1 Qe7 15. Rfd1 Bd7 16. Qd2 Nf3+   {White resigns} 0-1

[Event "Team 45 45 League T29"]
[Site "Free Internet Chess Server"]
[Date "2006.01.14"]
[Round "4"]
[White "noHz"]
[Black "RoZa"]
[Result "0-1"]
[WhiteElo "1917"]
[BlackElo "1889"]
[TimeControl "2700+45"]

1. e4 e5 2. Nf3 d6 3. d4 Nf6 4. Nc3 Nbd7 5. Bc4 Be7 6. O-O h6 7. Qe2 c6 8. a4 a5 9. Rd1 Qc7 10. dxe5 dxe5 11. Be3 Nf8 12. h3 g5 13. Nh2 Ng6 14. Rd2 Nf4 15. Bxf4 gxf4 16. Rad1 Rg8 17. Kh1 Rg7 18. Nf3 Bd7 19. Nb1 O-O-O 20. c3 Kb8 21. Ne1 Rdg8 22. f3 Nh5 23. Rxd7 Ng3+ 24. Kh2 Nxe2 25. Rxc7 Kxc7 26. Bxe2 Bh4 27. Bf1 Rd8 28. Rxd8 Kxd8 29. Nd3 f6 30. Nc5 Re7 31. Be2 b6 32. Nb3 Bf2 33. N1d2 Rd7 34. Nf1 Rg7 35. Nc1 Kc7 36. Nd3 Bh4 37. Kg1 Rd7 38. Nd2 b5 39. axb5 cxb5 40. Nb3 Kb6 41. Kf1 h5 42. Nbc1 Rd8 43. Nb3 Rc8 44. g4 fxg3 45. f4 a4 46. Nd2 exf4 47. Nxf4 Bg5 48. Nd5+ Kc5 49. Nf3 Bc1 50. Ne1 Bxb2 51. Nd3+ Kd6 52. Nxb2 a3 53. Nc4+ bxc4 54. Nb4 Ke5 55. Kg2 h4 56. Kf3 Rg8 57. Bf1 Rg7 58. Kg2 Kxe4 59. Bxc4 Rc7 60. Bd5+ Ke5 61. c4 f5 62. Kf3 Rc5 63. Bg8 Kd4 64. Nc2+ Kd3 65. Nxa3 Re5 66. Bd5 Re2 67. Kf4 Rf2+ 68. Kg5 Kd4 69. Nb5+ Ke5 70. Kxh4 g2 71. Bxg2 Rxg2 72. c5 Kd5 73. Nd6 f4 74. Nf5 Kxc5 75. Nh6 Kd4 76. Ng4 f3   {White resigns} 0-1

[Event "Team 45 45 League T29"]
[Site "Free Internet Chess Server"]
[Date "2006.01.15"]
[Round "4"]
[White "fledermaus"]
[Black "nham"]
[Result "1-0"]
[WhiteElo "1941"]
[BlackElo "1929"]
[TimeControl "2700+45"]

1. d4 f5 2. g3 Nf6 3. Bg2 g6 4. c4 Bg7 5. Nc3 O-O 6. Nh3 d6 7. d5 e5 8. dxe6 c6 9. Nf4 Na6 10. O-O Nc7 11. Be3 Nxe6 12. Qd2 Qe7 13. Rad1 Rd8 14. h3 Ng5 15. Qc2 Nge4 16. Bd4 g5 17. Nxe4 Nxe4 18. Bxg7 Qxg7 19. Nd3 Be6 20. a3 Rac8 21. Qa4 a6 22. Rc1 Qd4 23. Rfd1 Qf6 24. Qc2 Rd7 25. Nb4 Rcd8 26. e3 Nc5 27. Nd3 Nxd3 28. Rxd3 d5 29. cxd5 Bxd5 30. Rcd1 Be6 31. Rxd7 Rxd7 32. Rxd7 Bxd7 33. Qb3+ Qe6 34. Qxb7 a5 35. Qb8+ Kg7 36. Qb6 a4 37. Qd4+ Kg6 38. Qxa4 c5 39. Qc2 Qd6 40. e4 Qd4 41. exf5+ Bxf5 42. Qc3 Qd6 43. b4 cxb4 44. axb4 h5 45. Qc6 Qxc6 46. Bxc6 Bxh3 47. b5 h4 48. b6 Bc8 49. b7 Bxb7 50. Bxb7 Kh5 51. Kg2 g4 52. gxh4 Kxh4 53. Bc8   {Black resigns} 1-0

[Event "Team 45 45 League T29"]
[Site "Free Internet Chess Server"]
[Date "2006.01.13"]
[Round "4"]
[White "adingod"]
[Black "Amauta"]
[Result "1/2-1/2"]
[WhiteElo "1965"]
[BlackElo "1910"]
[TimeControl "2700+45"]

1. d4 f5 2. Nf3 Nf6 3. Bg5 e6 4. Nbd2 Be7 5. e3 O-O 6. Bd3 h6 7. Bh4 d5 8. Ne5 Qe8 9. O-O Nbd7 10. Ndf3 Nxe5 11. Nxe5 Bd6 12. Qe2 Bxe5 13. dxe5 Nd7 14. Bg3 Nc5 15. Rad1 Bd7 16. Rfe1 Bc6 17. c3 Nxd3 18. Qxd3 Bb5 19. Qc2 Rc8 20. f3 c5 21. Bf2 b6 22. b3 c4 23. Rd4 cxb3 24. axb3 Qc6 25. Rc1 Rf7 26. e4 fxe4 27. fxe4 Rcf8 28. Rd2 dxe4 29. c4 Ba6 30. Rd6 Qc7 31. Be3 Rf5 32. Qc3 Qf7 33. Qa1 Bc8 34. Rdd1 Qc7 35. Rd6 Qf7 36. Rdd1 Qc7 37. Rd6   {Game drawn by mutual agreement} 1/2-1/2

[Event "Team 45 45 League T29"]
[Site "Free Internet Chess Server"]
[Date "2006.01.14"]
[Round "4"]
[White "hugozver"]
[Black "HotDonut"]
[Result "0-1"]
[WhiteElo "1821"]
[BlackElo "1906"]
[TimeControl "2700+45"]

1. e4 c6 2. d4 d5 3. exd5 cxd5 4. c4 e6 5. Nf3 Nf6 6. Nc3 Bb4 7. Bd3 dxc4 8. Bxc4 O-O 9. O-O Qc7 10. Qe2 Nbd7 11. Bd2 Bxc3 12. bxc3 b6 13. Rac1 Bb7 14. Bb3 Ng4 15. g3 Qc6 16. Bd1 e5 17. Be3 f5 18. d5 Qd6 19. c4 f4 20. Bd2 Rae8 21. Ng5 Nxh2 22. Qh5 h6 23. Ne4 Qa3 24. Kxh2 Qxa2 25. Qe2 Qa3 26. Rc3 Qe7 27. Ba4 Bc8 28. Rb3 Rf5 29. Bb4 Qf7 30. Nd6 f3 31. Qe4 Qh5+ 32. Qh4 Qg6 33. Nxf5 Qxf5 34. Re3 a5 35. Ba3 e4 36. Rfe1 g5 37. Qxh6 Nf6 38. Kg1 Ng4 39. Qh5 Nf6 40. Qh6 Ng4 41. Qh5 Nf6 42. Qh1 Bd7 43. Bxd7 Nxd7 44. Bb2 Nf6 45. Qh6 Nh7   {White forfeits on time} 0-1

[Event "Team 45 45 League T29"]
[Site "Free Internet Chess Server"]
[Date "2006.01.11"]
[Round "4"]
[White "zcomcon"]
[Black "RomaLavrn"]
[Result "0-1"]
[WhiteElo "1711"]
[BlackElo "1892"]
[TimeControl "2700+45"]

1. e4 c5 2. c3 d5 3. exd5 Qxd5 4. d4 g6 5. dxc5 Qxc5 6. Nf3 Bg7 7. Be2 Nf6 8. O-O O-O 9. Be3 Qc7 10. Na3 a6 11. Nc2 b5 12. Nfd4 Bb7 13. Bf3 Nc6 14. Nxc6 Bxc6 15. Bxc6 Qxc6 16. Nd4 Qb7 17. Qf3 Qxf3 18. Nxf3 Rfd8 19. Rfd1 Nd5 20. Bd4 Bxd4 21. Nxd4 e6 22. Kf1 Rac8 23. a3 Nb6 24. Ke2 Na4 25. Rab1 Rd5 26. Nf3 Rcd8 27. Rxd5 Rxd5 28. Nd4 h5 29. h4 g5 30. hxg5 Rxg5 31. g3 Rd5 32. Nf3 f6 33. Ne1 e5 34. Nd3 Kg7 35. Nb4 Rd6 36. Nc2 Kg6 37. Ne3 f5 38. Nd1 Kg5 39. Rc1 Nb6 40. Rc2 Nc4 41. f3 f4 42. gxf4+ exf4 43. Nf2 Kf5 44. Ne4 Re6 45. Kf2 Rg6 46. Nd2 Ne5 47. c4 Rc6 48. c5 Ke6 49. b4 a5 50. Ne4 axb4 51. axb4 Nd3+ 52. Kg2 Ne1+   {White resigns} 0-1

[Event "Team 45 45 League T29"]
[Site "Free Internet Chess Server"]
[Date "2006.01.12"]
[Round "4"]
[White "jjgsmm"]
[Black "thelovegambit"]
[Result "0-1"]
[WhiteElo "1668"]
[BlackElo "1574"]
[TimeControl "2700+45"]

1. e4 e6 2. d4 d5 3. Nc3 Bb4 4. Bd3 Bxc3+ 5. bxc3 dxe4 6. Bxe4 Nf6 7. Bd3 O-O 8. Ba3 Re8 9. Nf3 b6 10. O-O Bb7 11. Re1 Nbd7 12. Qe2 Rc8 13. Ba6 Bxa6 14. Qxa6 c6 15. Bb2 Qc7 16. a4 c5 17. Re2 Red8 18. Qb5 Nd5 19. a5 bxa5 20. Qxa5 Qxa5 21. Rxa5 cxd4 22. cxd4 Rb8 23. c3 Rb7 24. g3 N7b6 25. Ne5 Rc8 26. Rc2 f6 27. Nd3 Nc4 28. Ba3 Nxa5   {White resigns} 0-1

[Event "Team 45 45 League T29"]
[Site "Free Internet Chess Server"]
[Date "2006.01.18"]
[Round "4"]
[White "MegaSkins"]
[Black "SamuraiGoroh"]
[Result "1-0"]
[WhiteElo "1417"]
[BlackElo "1563"]
[TimeControl "2700+45"]

1. d4 d5 2. c4 dxc4 3. e3 Be6 4. Nc3 c6 5. Nf3 h6 6. Be2 Nf6 7. O-O Nbd7 8. Qc2 g6 9. Bd2 Bg7 10. Rac1 b5 11. e4 O-O 12. e5 Bf5 13. Qd1 Ne4 14. Nh4 Nxd2 15. Qxd2 Be6 16. f4 Kh7 17. f5 Bd5 18. Nxd5 cxd5 19. fxg6+ fxg6 20. Rxf8 Nxf8 21. Qc2 Qb6 22. Rd1 Rc8 23. Bg4 Rc6 24. Bh5 Bxe5 25. Kh1 Bxd4 26. Rf1 Rf6 27. Re1 Qe6 28. Qb1 Qe5 29. Rxe5 Bxe5 30. Nf3 Bd6 31. Nd4 a6 32. Bf3 Bc5 33. Qd1 e6 34. Nc6 Nd7 35. g3 Rf8 36. Kg2 Rc8 37. Nd4 e5 38. Ne6 d4 39. Nxc5 Nxc5 40. Qe1 h5 41. Qxe5 d3 42. Qe7+ Kh6 43. Qe3+ Kh7 44. Qe7+ Kh6 45. g4 hxg4 46. Bxg4 Rc6 47. h4 b4 48. Qe8 Rd6 49. Qh8#   {Black checkmated} 1-0

[Event "Team 45 45 League T29"]
[Site "Free Internet Chess Server"]
[Date "2006.01.15"]
[Round "4"]
[White "LLIAMAH"]
[Black "RedPimpernel"]
[Result "1/2-1/2"]
[WhiteElo "1731"]
[BlackElo "1552"]
[TimeControl "2700+45"]

1. e4 e6 2. Nf3 d5 3. exd5 exd5 4. d4 Nf6 5. Bd3 g6 6. O-O Bg7 7. Bg5 O-O 8. c3 Bg4 9. Nbd2 Qd6 10. h3 Bxf3 11. Nxf3 Nbd7 12. Qd2 c5 13. Bh6 Rfe8 14. Bxg7 Kxg7 15. Bb5 c4 16. Ne5 a6 17. Bxd7 Nxd7 18. Nxd7 Qxd7 19. Rae1 Re7 20. Re3 Rxe3 21. fxe3 Re8 22. b3 b5 23. Qf2 Qe6 24. Re1 Qc6 25. b4 Qf6 26. Qc2 Re4 27. a4 Qe6 28. Kf2 Qf6+ 29. Kg1 Qh4 30. Qf2 Qxf2+ 31. Kxf2 bxa4 32. Ra1 Re6 33. Rxa4 Kf8 34. Ra5 Rd6 35. Kf3 Ke7 36. e4 dxe4+ 37. Kxe4 f5+ 38. Kf3 Rc6 39. Rc5 Rxc5 40. dxc5 g5 41. Ke3 h5 42. Kd4 Ke6 43. Kxc4 f4 44. Kd4 g4 45. Ke4 f3 46. Ke3 fxg2 47. Kf2 gxh3 48. Kg1 h4 49. c4 Kd7 50. Kh2 Kc6 51. Kg1 Kc7 52. Kh2 Kc6 53. Kg1 a5 54. bxa5 Kxc5 55. Kh2 Kc6 56. Kg1 Kc5 57. Kh2 Kc6 58. Kg1   {Game drawn by mutual agreement} 1/2-1/2